 Dungeon Crawl Stone Soup version 0.20.1-1-g8b1a95d (console) character file.

95 bli the Skirmisher (level 4, -2/38 HPs)
             Began as a Formicid Abyssal Knight on Aug 15, 2017.
             Was a Follower of Lugonu.
             Slain by an adder (5 damage)
             ... on level 3 of the Dungeon.
             The game lasted 00:07:25 (2169 turns).

bli the Skirmisher (Formicid Abyssal Knight)        Turns: 2169, Time: 00:07:26

Health: -2/38      AC:  3    Str: 17    XL:     4   Next: 97%
Magic:  5/5        EV: 11    Int: 11    God:    Lugonu [*.....]
Gold:   87         SH:  0    Dex: 11    Spells: 3/3 levels left

rFire    . . .     SeeInvis +   r - -3 halberd (curse)
rCold    . . .     Gourm    .   (no shield)
rNeg     . . .     Faith    .   b - +0 leather armour
rPois    .         Spirit   .   (helmet unavailable)
rElec    .         Reflect  .   (no cloak)
rCorr    .         Harm     .   (no gloves)
MR       .....                  (no boots)
Stlth    +.........             (no amulet)
Regen    0.2/turn               (no ring)
MPRegen  0.1/turn               (no ring)

@: no status effects
A: permanent stasis, dig shafts and tunnels, four strong arms, antennae 3
a: Dig, Shaft Self, Depart the Abyss, Renounce Religion


You were on level 3 of the Dungeon.
You worshipped Lugonu.
Lugonu was aware of your devotion.
You were not hungry.

You visited 1 branch of the dungeon, and saw 4 of its levels.
You visited the Abyss 1 time.

You collected 87 gold pieces.

Inventory:

Hand Weapons
 a - a +1 spear
 p - a +0 war axe
 r - a cursed -3 halberd (weapon)
Missiles
 n - 39 stones (quivered)
 o - 2 javelins of penetration
Armour
 b - a +0 leather armour (worn)
Jewellery
 u - an uncursed ring of ice
Scrolls
 d - 2 scrolls of enchant weapon
 l - a scroll of teleportation
 q - a scroll of identify
Potions
 e - a potion of agility {unknown}
 i - a potion of mutation {unknown}
 k - 2 potions of heal wounds {unknown}
 s - a potion of curing {unknown}
 t - a potion of brilliance {unknown}
Comestibles
 c - a bread ration
 f - 2 chunks of flesh
 h - 2 royal jellies
 j - a meat ration
 m - 8 fruits


   Skills:
 * Level 4.3 Fighting
 + Level 2.8 Polearms
 + Level 2.9 Armour
 + Level 0.8 Dodging
 + Level 1.5 Stealth
 + Level 2.6 Invocations


You had 3 spell levels left.
You didn't know any spells.

Dungeon Overview and Level Annotations

Branches:
Dungeon (4/15)
 Temple: D:4-7

Altars:
Cheibriados


Innate Abilities, Weirdness & Mutations

You cannot be hasted, slowed, berserked, paralysed or teleported.
You can dig through walls and to a lower floor.
Your four strong arms can wield two-handed weapons with a shield.
You have a pair of large antennae on your head. (SInv)


Message History

* * * LOW HITPOINT WARNING * * *
You closely miss the adder.
The adder is almost dead.
The adder bites you.
* * * LOW HITPOINT WARNING * * *
The adder barely misses you.
You closely miss the adder.
The adder is almost dead.
The adder barely misses you.
You closely miss the adder.
The adder is almost dead.
The adder closely misses you. The adder bites you.
* * * LOW HITPOINT WARNING * * *
You closely miss the adder.
The adder is almost dead.
The adder closely misses you. The adder barely misses you.
You closely miss the adder.
The adder is severely wounded.
The adder bites you.
You die...

#.# #...# #....## #...##
#.#######.#.#########.#..###.#..#
#.#..............................
#.#.######.#############.########
#........#.#...........#.#.......
#...####.#.#.####.####.#.#.####.#
#.#.#....#.#....#.#....#.#....#.#
#.#.#.####.####.#.#.####.####.#.#
#...#...........#.#.........).#.#
....#############.#############.#
................@................
................S................
.................................
.###...........####.......^......
..................+..............
..................#..............
#.....####+######.......#+###....
#.....#.......# ##.##...#.# #....
#.....#.⌠...⌠.###...#...#'###....
#.....#.......#.....#............
###...'...⌠...+................#.


You could see an adder.

Vanquished Creatures
  2 gnolls (D:2)
  2 adders (D:3)
  An ooze (D:2)
  4 worms
  2 dart slugs (D:1)
  2 leopard geckos
  An orc (D:3)
  4 giant cockroaches (D:3)
  3 hobgoblins
  A jackal (D:1)
  A ball python (D:2)
  7 bats
  4 frilled lizards
  2 kobolds
  3 rats
39 creatures vanquished.

Vanquished Creatures (others)
  2 starspawn tentacles (Abyss:1)
2 creatures vanquished.

Grand Total: 41 creatures vanquished

Notes
Turn   | Place    | Note
-------+----------+-------------------------------------------
     0 | Abyss:1  | bli the Formicid Abyssal Knight began the quest for the Orb.
     0 | Abyss:1  | Reached XP level 1. HP: 18/18 MP: 2/2
    53 | Abyss:1  | Noticed a tentacled starspawn
    77 | Abyss:1  | Noticed an ancient zyme
    78 | Abyss:1  | Noticed a worldbinder
    79 | Abyss:1  | Noticed a swamp drake
    80 | Abyss:1  | Noticed a vampire mosquito
    80 | D:1      | Escaped the Abyss
   129 | D:1      | Reached * piety under Lugonu
   161 | D:1      | Reached XP level 2. HP: 24/24 MP: 3/3
   189 | D:1      | Reached skill level 1 in Stealth
   262 | D:1      | You fall through a shaft!
   292 | D:2      | You fall through a shaft!
   304 | D:3      | You fall through a shaft!
   637 | D:3      | Reached XP level 3. HP: 25/30 MP: 4/4
   896 | D:3      | Reached skill level 4 in Fighting
  1197 | D:3      | Reached XP level 4. HP: 36/37 MP: 5/5
  1831 | D:2      | You fall through a shaft!
  1897 | D:3      | Found a snail-covered altar of Cheibriados.
  2169 | D:3      | Slain by an adder

Skill      XL: |  1  2  3 |
---------------+----------+-----
Stealth        | 1 |  1.5
Fighting       | 4 |  4.3
Polearms       | |  2.8
Armour         | |  2.9
Dodging        | |  0.8
Invocations    | |  2.6

Action                   |  1- 3 |  4- 6 || total
-------------------------+-------+-------++-------
Melee: Spear             |    92 |    30 ||   122
       Halberd           |       |    79 ||    79
Invok: Depart the Abyss  |     1 |       ||     1
 Abil: Shaft Self        |     3 |     1 ||     4
  Use: Scroll            |       |     4 ||     4
 Stab: Sleeping          |     5 |     1 ||     6
  Eat: Chunk             |     1 |     5 ||     6
Armor: Leather armour    |    27 |    21 ||    48
Dodge: Dodged            |    52 |    42 ||    94
